 Dungeon Crawl Stone Soup version 0.17-a0-1798-g879a7aa (webtiles) character file.

139 luca467 the Insei (level 5, -1/42 HPs)
             Began as a Demonspawn Monk on Sept 10, 2015.
             Killed by divine providence
             ... invoked by an orc priest
              (14 damage)
             ... on level 3 of the Dungeon.
             The game lasted 00:12:08 (2464 turns).

luca467 the Insei (Demonspawn Monk)                 Turns: 2464, Time: 00:12:09

Health: -1/42      AC:  3    Str: 11      XL:     5   Next: 1%
Magic:  5/5        EV: 13    Int: 11      God:
Gold:   51         SH:  0    Dex: 12 (17) Spells: 0 memorised, 4 levels left

rFire  + . .     SeeInvis .       - Unarmed
rCold  + . .     Clarity  .     f - +1 robe
rNeg   . . .     SustAt   .     (no shield)
rPois  .         Gourm    .     (helmet restricted)
rElec  .         Spirit   .     (no cloak)
rCorr  .         Warding  .     (no gloves)
rMut   .         Stasis   .     (no boots)
MR     .....                    (no amulet)
Stlth  ++........               (no ring)
                                r - ring of protection from cold

@: not resistant to hostile enchantments, unstealthy
A: antennae 1, talons 2, fire resistance 1
a: no special abilities


You were on level 3 of the Dungeon.
You were not hungry.

You visited 1 branch of the dungeon, and saw 3 of its levels.

You collected 51 gold pieces.

Inventory:

Armour
 a - a +0 robe
 f - a +1 robe (worn)
 w - a +0 helmet
Jewellery
 r - a ring of protection from cold (left hand)
Magical devices
 k - a wand of digging (8)
Scrolls
 c - 2 scrolls of teleportation
 e - a scroll of noise
 i - a scroll of remove curse
 l - a scroll of identify
Potions
 d - 2 potions of might {unknown}
 m - a potion of brilliance {unknown}
 o - 3 potions of heal wounds
 p - a potion of degeneration {unknown}
 t - a potion of ambrosia {unknown}
 v - a potion of curing {unknown}
Comestibles
 b - 3 bread rations
 g - 2 beef jerkies
 h - a chunk of flesh
 j - 6 fruits
 n - a meat ration
 q - a slice of pizza


   Skills:
 + Level 3.8 Fighting
 + Level 3.4 Dodging
 - Level 1.7 Stealth
 * Level 4.8 Unarmed Combat


You had 4 spell levels left.
You didn't know any spells.

Dungeon Overview and Level Annotations

Branches:
Dungeon (3/15)

Altars:
Kikubaaqudgha


Innate Abilities, Weirdness & Mutations

You have a pair of small antennae on your head.
You have razor-sharp toenails.
Your flesh is heat resistant.


Message History

The orc hits you with a flail!
The orc priest calls upon Beogh to heal the orc.
The orc's wounds heal themselves!
The orc wizard casts a spell.
The orc wizard flickers and vanishes!
Deactivating autopickup; reactivate with Ctrl-A.
You hit the orc.
The orc is lightly wounded.
The orc hits you with a flail.
The orc priest calls upon Beogh to heal the orc.
The orc's wounds heal themselves!
The orc priest looks braver for a moment.
The orc priest mumbles some strange prayers to Beogh against you.
Something smites you!
* * * LOW HITPOINT WARNING * * *
You are too injured to fight recklessly!
You are too injured to fight recklessly!
The orc priest calls down the wrath of Beogh upon you.
Something smites you!
You die...

.# #.# ######..... .# #.#
##...#...... .# #.# ##...........
.# #.# #............ .#
##########.# #............
.####..........######............
..............###....#...........
#####.........##......{..........
#...........@o....o..........
#........(#..................
##...........................
#.....#############.....#####
####.....###.#####....##.##... #
#........#.#..)##..####...####..
##..<.....##.##..........#.....
...)......###.#...####..###..####
..........# ##.##........#.......


You could see an orc priest and an orc.

Vanquished Creatures
  A quasit (D:3)
  4 adders
  3 worms
  4 giant geckos
  3 orcs (D:3)
  A bat zombie (D:2)
  8 hobgoblins
  7 bats
  6 giant cockroaches
  3 giant newts
  11 goblins
  4 kobolds
  2 quokkas
  6 rats
  2 rat zombies (D:2)
65 creatures vanquished.

Notes
Turn   | Place    | Note
--------------------------------------------------------------
     0 | D:1      | luca467 the Demonspawn Monk began the quest for the Orb.
     0 | D:1      | Reached XP level 1. HP: 18/18 MP: 1/1
   378 | D:1      | Gained mutation: You have sharp toenails. [demonic ancestry]
   378 | D:1      | Reached XP level 2. HP: 22/24 MP: 2/2
   658 | D:1      | Reached skill level 4 in Unarmed Combat
   918 | D:2      | Found an ancient bone altar of Kikubaaqudgha.
   989 | D:2      | Gained mutation: You have razor-sharp toenails. [demonic ancestry]
   989 | D:2      | Reached XP level 3. HP: 26/29 MP: 3/3
  1499 | D:2      | Gained mutation: Your flesh is heat resistant. [demonic ancestry]
  1499 | D:2      | Reached XP level 4. HP: 25/35 MP: 4/4
  2409 | D:3      | Gained mutation: You have a pair of small antennae on your head. [demonic ancestry]
  2409 | D:3      | Reached XP level 5. HP: 27/42 MP: 5/5
  2464 | D:3      | Killed from afar by an orc priest

Vault maps used:
D:1:      lightli_arrival_maybe_door_vault, supply_closet_lemuel
D:2:      lemuel_zombie_altar_kikubaaqudgha
D:3:      wad_crossroads, nicolae_overflow_hidden_temple, glass_columns_a

Action                   |  1- 3 |  4- 6 || total
-------------------------+-------+-------++-------
Melee: Unarmed           |   144 |    66 ||   210
  Use: Scroll            |       |     9 ||     9
 Stab: Sleeping          |     5 |     5 ||    10
  Eat: Chunk             |     1 |     4 ||     5
